 Dungeon Crawl Stone Soup version 0.23-a0-422-g30b1108 (webtiles) character file.

119 Atlas the Sneak (level 5, -5/44 HPs)
             Began as a Naga Fire Elementalist on Nov 14, 2018.
             Slain by a gnoll
             ... wielding a +0 whip
              (9 damage)
             ... on level 3 of the Dungeon.
             The game lasted 00:03:55 (3316 turns).

Atlas the Sneak (Naga Fire Elementalist)            Turns: 3316, Time: 00:03:56

Health: -5/44      AC:  3    Str: 10    XL:     5   Next: 3%
Magic:  8/8        EV:  5    Int: 21    God:
Gold:   119        SH:  0    Dex: 11    Spells: 4/8 levels left

rFire    + . .     SeeInvis +   e - +2 dagger (venom)
rCold    . . .     Gourm    .   (no shield)
rNeg     . . .     Faith    .   a - +0 robe
rPois    +         Spirit   .   (no helmet)
rElec    .         Reflect  .   f - +0 cloak
rCorr    .         Harm     .   (no gloves)
MR       .....                  (no barding)
Stlth    ++........             (no amulet)
HPRegen  0.14/turn              i - ring of protection from fire
MPRegen  0.11/turn              h - +4 ring of intelligence

@: held, very slow
A: large, see invisible, deformed body, poison resistance, slowness 2, slow
metabolism 1, spit poison 1, AC +1
a: Spit Poison


You were on level 3 of the Dungeon.
You were not hungry.

You visited 1 branch of the dungeon, and saw 3 of its levels.

You collected 119 gold pieces.

Inventory:

Hand Weapons
 e - a +2 dagger of venom (weapon)
Armour
 a - a +0 robe (worn)
 f - a +0 cloak (worn)
Jewellery
 h - a +4 ring of intelligence (right hand)
 i - a ring of protection from fire (left hand)
 p - an uncursed ring of protection from cold {unknown}
Scrolls
 b - 3 scrolls of teleportation {unknown}
 j - a scroll of noise {unknown}
 o - a scroll of random uselessness {unknown}
Potions
 d - 3 potions of curing
 g - a potion of cancellation {unknown}
 k - a potion of haste {unknown}
 m - a potion of degeneration {unknown}
 n - a potion of berserk rage {unknown}
Comestibles
 c - 4 rations
 l - 6 chunks of flesh


   Skills:
 + Level 1.0 Fighting
 + Level 1.6 Short Blades
 + Level 2.1 Dodging
 + Level 4.2 Stealth
 + Level 2.4 Spellcasting
 + Level 1.2 Conjurations
 + Level 3.8 Fire Magic


You had 4 spell levels left.
You knew the following spells:

 Your Spells              Type           Power        Failure   Level  Hunger
a - Flame Tongue          Conj/Fire      ##...        4%          1    None
b - Conjure Flame         Conj/Fire      ##......     16%         3    ###....

Your spell library contained the following spells:

 Spells                   Type           Power        Failure   Level  Hunger
 Throw Flame              Conj/Fire      ##....       8%          2    ##.....
 Inner Flame              Hex/Fire       ##......     19%         3    ###....
 Sticky Flame             Conj/Fire      ##......     45%         4    ####...
 Fireball                 Conj/Fire      ##........   80%         5    ######.


Dungeon Overview and Level Annotations

Branches:
Dungeon (3/15)

Altars:
Ru


Innate Abilities, Weirdness & Mutations

You cannot wear boots.
Your serpentine skin is tough. (AC +1)
You have supernaturally acute eyesight. (SInv)
Armour fits poorly on your strangely shaped body.
Your system is resistant to poisons. (rPois)
You cover ground very slowly.
You have a slow metabolism.
You can spit poison.


Message History

You become entangled in the net!
The rat bites you. The jackal bites you.
You see here a throwing net.
You struggle against the net.
The gnoll hits you from afar with a +0 spear. x2
The jackal bites you. The rat barely misses you.
You tear a large gash into the net.
The gnoll hits you from afar with a +0 spear!
* * * LOW HITPOINT WARNING * * *
The jackal bites you.
* * * LOW HITPOINT WARNING * * *
The gnoll hits you from afar with a +0 spear.
* * * LOW HITPOINT WARNING * * *
The rat barely misses you.
It was a potion of curing.
You feel better. The jackal bites you.
* * * LOW HITPOINT WARNING * * *
The gnoll barely misses you.
The gnoll hits you from afar with a +0 spear!
* * * LOW HITPOINT WARNING * * *
The gnoll hits you with a +0 whip!
You die...

#.# #.....#..#.########..
#.#########....#.########..
#........#.##.##...........
#....#.....##########..
#....#.##..#####..#....
#....#.#.......#..#.##.
####....#.#.#..#.##..#....
#...........#.....#..#..#.
#.#####..@####.#..#..#..#.
.. #...grh....####..#..#.
###.#..g)g...........#..#.
.............######.##..#
.............######.....##
....................###..รท
.............######.##...#
.............# #.##.#.#
.............# #.##.#.#


You could see 3 gnolls, a jackal and a rat.

Vanquished Creatures
  An orc wizard (D:3)
  An adder (D:3)
  An ooze (D:1)
  2 worms (D:2)
  3 leopard geckos
  An orc (D:3)
  12 bats
  2 giant cockroaches
  9 goblins
  9 hobgoblins
  7 jackals
  A ball python (D:1)
  5 frilled lizards
  8 kobolds
  7 rats
69 creatures vanquished.

Notes
Turn   | Place    | Note
-------+----------+-------------------------------------------
     0 | D:1      | Atlas the Naga Fire Elementalist began the quest for the
                  | Orb.
     0 | D:1      | Reached XP level 1. HP: 15/15 MP: 3/3
   131 | D:1      | Reached XP level 2. HP: 22/22 MP: 1/5
  1270 | D:1      | Reached XP level 3. HP: 28/28 MP: 6/6
  1275 | D:1      | Learned a level 3 spell: Conjure Flame
  2477 | D:2      | Reached XP level 4. HP: 36/37 MP: 7/7
  2910 | D:3      | Reached skill level 1 in Short Blades
  2995 | D:3      | Found a sacrificial altar of Ru.
  3006 | D:3      | Reached skill level 1 in Fighting
  3006 | D:3      | Reached skill level 4 in Stealth
  3211 | D:3      | Reached XP level 5. HP: 42/44 MP: 8/8
  3315 | D:3      | HP: 2/44 [gnoll/+0 spear (4)]
  3316 | D:3      | Slain by a gnoll

Vault maps used:
D:1:      dpeg_arrival_tiny_a, wad_floor_pattern_2, st_stairs_9
D:3:      kiku_gazebo_pond_becter, nicolae_ru_great_annihilating_truth

Skill      XL: |  1  2  3  4 |
---------------+-------------+-----
Short Blades   | 1 |  1.6
Dodging        | 2 |  2.1
Fighting       | 1 |  1.0
Stealth        | 4 |  4.2
Spellcasting   | |  2.4
Conjurations   | |  1.2
Fire Magic     | |  3.8

Action                   |  1- 3 |  4- 6 || total
-------------------------+-------+-------++-------
Melee: Dagger            |    83 |    54 ||   137
 Cast: Flame Tongue      |    29 |     4 ||    33
  Use: Potion            |       |     1 ||     1
 Stab: Sleeping          |     7 |     6 ||    13
       Paralysed         |       |     1 ||     1
  Eat: Chunk             |     4 |     2 ||     6
Armor: Robe              |    30 |    20 ||    50
Dodge: Dodged            |    64 |    34 ||    98

Table legend:
 A = Non-vault XP
 B = Vault XP
 C = Vault XP percentage of total XP
 D = Non-vault monster count
 E = Vault monster count
 F = Vault count percentage of total count
                 A         B        C        D         E       F
            +---------+---------+-------+---------+---------+-------
      Total |     126 |      45 |  26.3 |      63 |       6 |   8.7
            +---------+---------+-------+---------+---------+-------
        D:1 |      44 |       4 |   8.3 |      24 |       2 |   7.7
        D:2 |      45 |       0 |   0.0 |      25 |       0 |   0.0
        D:3 |      37 |      41 |  52.6 |      14 |       4 |  22.2
            +---------+---------+-------+---------+---------+-------
